 Dungeon Crawl Stone Soup version 0.27.1 (webtiles) character file.

Game seed: 8451873297289808390

39 RedPan the Chiller (level 3, -1/24 HPs)
             Began as a Demonspawn Ice Elementalist on Aug 24, 2021.
             Slain by an orc priest (10 damage)
             ... on level 2 of the Dungeon.
             The game lasted 00:02:54 (1741 turns).

RedPan the Chiller (Demonspawn Ice Elementalist)    Turns: 1741, Time: 00:02:56

Health: -1/24      AC:  3    Str:  8    XL:     3   Next: 28%
Magic:  4/7        EV: 12    Int: 17    God:
Gold:   99         SH:  0    Dex: 13    Spells: 6/7 levels left

rFire    . . .     SeeInvis .   c - +0 whip (spect)
rCold    . . .     Faith    .   (no shield)
rNeg     . . .     Spirit   .   a - +0 robe
rPois    .         Reflect  .   (no helmet)
rElec    .         Harm     .   b - +0 cloak
rCorr    .         Rampage  .   (no gloves)
Will     .....                  (no boots)
Stlth    ++........             (no amulet)
HPRegen  0.08/turn              (no ring)
MPRegen  0.10/turn              (no ring)

@: no status effects
A: hooves 1
a: no special abilities


You were on level 2 of the Dungeon.
You visited 1 branch of the dungeon, and saw 2 of its levels.

You collected 99 gold pieces.

Inventory:

Hand Weapons
 c - a +0 spectral whip (weapon)
Armour
 a - a +0 robe (worn)
 b - a +0 cloak (worn)
Scrolls
 d - a scroll of teleportation
 f - a scroll of blinking {unknown}
Potions
 e - a potion of curing {unknown}
 g - a potion of degeneration {unknown}


   Skills:
 - Level 2.0 Dodging
 - Level 2.0 Stealth
 + Level 2.7 Spellcasting
 + Level 4.1 Ice Magic


You had 6 spell levels left.
You knew the following spells:

 Your Spells              Type           Power      Damage    Failure   Level
a - Freeze                Ice            64%        1d8       3%          1

Your spell library contained the following spells:

 Spells                   Type           Power      Damage    Failure   Level
 Frozen Ramparts          Ice            32%        1d5       10%         3
 Ozocubu's Armour         Ice            16%        N/A       10%         3
 Hailstorm                Conj/Ice       9%         3d4       61%         4


Dungeon Overview and Level Annotations

Branches:
Dungeon (2/15)

Altars:


Innate Abilities, Weirdness & Mutations

You have large cloven feet.


Message History

Aiming: Freeze (safe; 3% risk of failure)
Press: ? - help, Shift-Dir - straight line, f/p - orc
Aim: an orc, wielding a +0 flail and wearing a +0 chain mail (almost dead)
You freeze the orc.
You kill the orc!
You start resting.
An orc priest comes into view. It is wielding a +0 flail.
An orc priest is nearby!
The orc priest shouts!
There is an open door here.
You close the door.
You start resting.
An orc priest opens the door.
It is wielding a +0 flail.
You are too injured to fight recklessly!
There is an open door here.
Casting: Freeze (safe; 3% risk of failure)
Confirm with . or Enter, or press ? or * to list all spells.
Aiming: Freeze (safe; 3% risk of failure)
Press: ? - help, Shift-Dir - straight line, f - orc priest
Aim: an orc priest, wielding a +0 flail You freeze the orc priest.
The orc priest is lightly wounded.
The orc priest hits you with a +0 flail.
Casting: Freeze (safe; 3% risk of failure)
Confirm with . or Enter, or press ? or * to list all spells.
Aiming: Freeze (safe; 3% risk of failure)
Press: ? - help, Shift-Dir - straight line, f/p - orc priest
Aim: an orc priest, wielding a +0 flail (lightly wounded)
You freeze the orc priest!
The orc priest is severely wounded.
The orc priest hits you with a +0 flail.
Casting: Freeze (safe; 3% risk of failure)
Confirm with . or Enter, or press ? or * to list all spells.
Aiming: Freeze (safe; 3% risk of failure)
Press: ? - help, Shift-Dir - straight line, f/p - orc priest
Aim: an orc priest, wielding a +0 flail (severely wounded)
You freeze the orc priest.
The orc priest is severely wounded.
The orc priest hits you with a +0 flail!
You die...

####.#.......#................#.#
#.#.........##########..†....#
#.#.......o..# #.# #.#####..
####.#.####..))## #.# .... #.#
..........#....# #.#..#.## #..
..........#....#####.#..#.....##†
..............###....#. .........
≈........##.#.###....## ########.
≈≈##...........o@....# #.
≈.##.#######..###....# ##
≈.##.#######..# #....#
≈≈##.......#..# #....#
≈≈##..####.#..# #....#
.≈≈......#.#..# #....#
.≈≈≈..#.##.#### #....#
.#≈##.#....# #....# ......######
######


You could see an orc priest.

Vanquished Creatures
  2 orcs (D:2)
  4 endoplasms
  A giant cockroach (D:1)
  2 goblins (D:1)
  3 hobgoblins (D:1)
  3 jackals (D:2)
  2 quokkas (D:1)
  3 ball pythons (D:1)
  7 bats
  A frilled lizard (D:1)
  2 kobolds (D:1)
  4 rats
34 creatures vanquished.

Notes
Turn   | Place    | Note
-------+----------+-------------------------------------------
     0 | D:1      | RedPan the Demonspawn Ice Elementalist began the quest for
                  | the Orb.
     0 | D:1      | Reached XP level 1. HP: 13/13 MP: 3/3
   410 | D:1      | Gained mutation: You have large cloven feet. [demonic
                  | ancestry]
   410 | D:1      | Reached XP level 2. HP: 18/19 MP: 5/5
  1027 | D:1      | Reached skill level 4 in Ice Magic
  1328 | D:2      | Reached XP level 3. HP: 24/24 MP: 6/6
  1741 | D:2      | Slain by an orc priest

Illustrated notes

Levels and vault maps discovered:
D:1:      dpeg_arrival_simpleton_c, layout_loops_ring
D:2:      layout_basic, chequers_serial_rivers_small_a, minmay_crystal_room

Skill      XL: |  1  2 |
---------------+-------+-----
Stealth        | 2 |  2.0
Dodging        | 2 |  2.0
Ice Magic      | 4 |  4.1
Spellcasting   | |  2.7

Action                   || total
-------------------------++-------
Melee: Whip              ||    31
       Unarmed           ||     1
       Kick              ||     2
 Cast: Freeze            ||    40
  Use: Scroll            ||     4
 Stab: Sleeping          ||     4
Armor: Robe              ||    22
Dodge: Dodged            ||    32
